 Dungeon Crawl Stone Soup version 0.31-a0-229-g1fc7ce93e2 (webtiles) character file.

Game seed: 12566765555271346202

26845 qw the Marksgargoyle (level 13, -4/84 HPs)
             Began as a Gargoyle Hexslinger on July 6, 2023.
             Was an Elder of Okawaru.
             Slain by a seven-headed hydra (6 damage)
             ... on level 4 of the Lair of Beasts.
             The game lasted 00:05:43 (11721 turns).

qw the Marksgargoyle (Gargoyle Hexslinger)         Turns: 11721, Time: 00:05:43

Health: -4/84      AC: 24    Str: 14    XL:     13   Next: 28%
Magic:  15/16      EV: 22    Int: 13    God:    Okawaru [****..]
Gold:   610        SH:  5    Dex: 16    Spells: 13/14 levels left

rFire   . . .        Y - +3 arbalest
rCold   . . .        (shield currently unavailable)
rNeg    + . .        l - +0 troll leather armour
rPois   inf          i - +2 hat
rElec   +            g - +2 cloak
rCorr   .            h - +2 pair of gloves
SInv    .            (no boots)
Will    .....        a - amulet of reflection
Stlth   +++          f - +5 ring of evasion
HPRegen 1.14/turn    (no ring)
MPRegen 0.15/turn

%: reflection
@: heroic
A: sickness immunity, AC +9, negative energy resistance 1, electricity
resistance, torment resistance 1, petrification resistance
a: Renounce Religion, Heroism, Finesse


You were on level 4 of the Lair of Beasts.
You worshipped Okawaru.
Okawaru was greatly pleased with you.
You visited 3 branches of the dungeon, and saw 15 of its levels.
You also visited: Sewer.

You collected 610 gold pieces.


Innate Abilities, Weirdness & Mutations

You are immune to sickness and miasma.
Your stone body is resilient. (AC +9)
You are immune to poison.
You resist negative energy. (rN+)
You are resistant to electric shocks. (rElec)
You are resistant to unholy torment.
You are immune to petrification.


   Skills:
 - Level 11.0(16.0) Fighting
 + Level 17.7(22.7) Ranged Weapons
 - Level 5.0(10.0) Armour
 - Level 5.1(10.1) Dodging
 - Level 1.0 Spellcasting
 - Level 2.6 Hexes
 + Level 4.4 Invocations


You had 13 spell levels left.
You knew the following spells:

 Your Spells              Type           Power      Damage    Failure   Level
a - Slow                  Hex            28%        N/A       11%         1

Your spell library contained the following spells:

 Spells                   Type           Power      Damage    Failure   Level
 Inner Flame              Hex/Fire       4%         N/A       50%         3
 Portal Projectile        Hex/Tloc       8%         N/A       50%         3
 Cause Fear               Hex            3%         N/A       73%         4

Inventory:

Hand Weapons
 Y - a +3 arbalest (weapon)
Armour
 g - a +2 cloak (worn)
 h - a +2 pair of gloves (worn)
 i - a +2 hat (worn)
 l - a +0 troll leather armour (worn)
Jewellery
 a - an amulet of reflection (around neck)
 f - a +5 ring of evasion (left hand)
Scrolls
 e - 2 scrolls of identify
 n - a scroll of enchant armour
Potions
 b - 2 potions of cancellation
 c - 4 potions of haste
 d - a potion of mutation
 j - 2 potions of might
 k - 2 potions of curing
 m - 2 potions of enlightenment
 p - a potion of resistance

Dungeon Overview and Level Annotations

Branches:
Dungeon (10/15)            Temple (1/1) D:6            Lair (4/5) D:10
 Shoals (0/4) Lair:2        Snake (0/4) Lair:3        Sewer (visited)
  Slime: Lair:4-5       Orc: D:9-12

Altars:
Ashenzari
Cheibriados
Dithmenos
Elyvilon
Fedhas
Gozag
Hepliaklqana
Kikubaaqudgha
Makhleb
Nemelex Xobeh
Okawaru
Qazlal
Ru
Sif Muna
Trog
Uskayaw
Vehumet
Wu Jian
Xom
Yredelemnul
Zin
The Shining One

Shops:
D:6 (   D:10 :

Annotations:
D:8 2 transporters, qw's ghost, novice DEHu


Message History

The seven-headed hydra misses you. The seven-headed hydra bites you.
You shoot a bolt. The bolt hits the death yak!
The death yak is heavily wounded.
The death yak gores you but does no damage.
The death yak closely misses you.
The death yak gores you but does no damage.
The seven-headed hydra bites you. The seven-headed hydra misses you.
The seven-headed hydra completely misses you.
The seven-headed hydra misses you.
The seven-headed hydra closely misses you.
The seven-headed hydra bites you. x2
You shoot a bolt. The bolt hits the death yak!!
The death yak is severely wounded.
The death yak gores you but does no damage.
The death yak completely misses you. x2
The seven-headed hydra completely misses you.
The seven-headed hydra bites you but does no damage. x2
The seven-headed hydra bites you!
The seven-headed hydra completely misses you.
The seven-headed hydra misses you. x2
You shoot a bolt. The bolt hits the death yak!!
The death yak is almost dead.
The death yak completely misses you.
The death yak gores you but does no damage.
The death yak barely misses you.
The seven-headed hydra bites you but does no damage.
You block the seven-headed hydra's attack.
The seven-headed hydra misses you.
The seven-headed hydra completely misses you.
The seven-headed hydra barely misses you.
The seven-headed hydra bites you but does no damage.
The seven-headed hydra misses you.
You shoot a bolt. The bolt hits the death yak!
You kill the death yak!
Okawaru accepts your kill. You block the death yak's attack.
The seven-headed hydra misses you.
The seven-headed hydra barely misses you.
You block the seven-headed hydra's attack.
The seven-headed hydra bites you. x2
You die...

##.. ...#
# ...
.#..####
#......##
#.#.....#
#....D..+
+...8@..#
#..Y.YY$+
#..###..#
#. ...# #
..#..
.#...#
....##
...##


You could see 3 death yaks and a seven-headed hydra.

Vanquished Creatures
  Gastronok (D:8)
  Josephine (Lair:3)
  2 hydras (Lair:3)
  A death yak (Lair:4)
  A two-headed ogre (D:10)
  A skyshark (Lair:3)
  Amaemon (Lair:3)
  A lindwurm (Lair:4)
  4 elephants (Lair:4)
  2 vault sentinels (D:6)
  An orange demon (Lair:3)
  6 cane toads
  5 komodo dragons
  3 rime drakes
  4 trolls
  4 polar bears
  Prince Ribbit (D:5)
  11 blink frogs
  Sigmund (D:6)
  6 wraiths
  A shadow (D:5)
  A ynoxinul (D:10)
  18 yaks
  7 wyverns
  A basilisk (D:10)
  2 steam dragons
  5 nagas (Lair:3)
  An acid dragon (D:10)
  4 water moccasins
  2 orc warriors (D:7)
  2 sky beasts (D:6)
  2 ice beasts (D:5)
  2 black bears
  5 centaurs
  5 wolves (Lair:2)
  A kobold brigand (D:7)
  3 phantoms
  18 bullfrogs
  5 scorpions
  4 wights (D:9)
  2 jellies (D:5)
  14 killer bees
  4 hounds (D:6)
  6 orc priests
  A gnoll bouda (D:7)
  4 iguanas
  A sleepcap (D:6)
  Natasha (twice) (D:4)
  10 orc wizards
  A mummy (D:7)
  16 gnolls
  17 adders
  A white imp (D:8)
  3 worms
  2 dart slugs
  39 orcs
  7 endoplasms
  10 giant cockroaches
  4 goblins
  6 hobgoblins
  3 jackals (D:2)
  6 quokkas
  10 ball pythons
  9 bats
  17 frilled lizards
  9 kobolds
  8 rats
358 creatures vanquished.

Notes
Turn   | Place    | Note
-------+----------+-------------------------------------------
     0 | D:1      | qw the Gargoyle Hexslinger began the quest for the Orb.
     0 | D:1      | Reached XP level 1. HP: 12/12 MP: 2/2
     0 | D:1      | 0 ||| qw: Version: 0.3-a-46-gb1f654a
     0 | D:1      | 0 ||| qw: Game counter: 1384
     0 | D:1      | 0 ||| qw: Melee chars always use a shield: true
     0 | D:1      | 0 ||| qw: God list: Okawaru
     0 | D:1      | 0 ||| qw: Allow faded altars: false
     0 | D:1      | 0 ||| qw: Do Orc after clearing Dungeon:15 true
     0 | D:1      | 0 ||| qw: Do second Lair branch before Depths: true
     0 | D:1      | 0 ||| qw: Lair rune preference: random
     0 | D:1      | 0 ||| qw: Goals: Normal
     0 | D:1      | 0 ||| PLANNING D:1-11
    57 | D:1      | Found a faded altar of an unknown god.
   232 | D:1      | Reached XP level 2. HP: 16/16 MP: 3/3
   421 | D:1      | Reached skill level 3 in Ranged Weapons
   461 | D:1      | 461 ||| FLEEEEING.
   463 | D:1      | 463 ||| FLEEEEING.
   464 | D:1      | 464 ||| FLEEEEING.
   465 | D:1      | 465 ||| FLEEEEING.
   466 | D:1      | 466 ||| FLEEEEING.
   661 | D:1      | 661 ||| UPGRADING to +0 leather armour.
   671 | D:1      | 671 ||| DROPPING +0 robe.
   672 | D:1      | 672 ||| UPGRADING to +2 hat.
   689 | D:1      | 689 ||| READING scroll labelled ESITESTOFFA.
   690 | D:1      | 690 ||| READING scroll labelled LEREKO QAWK.
   693 | D:1      | 693 ||| READING scroll labelled GOTICU LIHAXKO.
   694 | D:1      | 694 ||| DRINKING 2 metallic emerald potions.
   736 | D:1      | 736 ||| DROPPING scroll of poison.
   737 | D:1      | 737 ||| DROPPING potion of lignification.
   761 | D:2      | 761 ||| STAIRDANCE
   824 | D:2      | Reached XP level 3. HP: 21/21 MP: 4/4
  1235 | D:2      | Reached XP level 4. HP: 26/26 MP: 5/5
  1300 | D:2      | 1300 ||| UPGRADING to amulet of reflection.
  1305 | D:2      | 1305 ||| READING scroll labelled PAGUCL WIFUV.
  1306 | D:2      | 1306 ||| READING 2 scrolls labelled VEOJYW KING.
  1307 | D:2      | 1307 ||| READING scroll labelled WURAOCIOMP.
  1308 | D:2      | 1308 ||| DROPPING scroll of fear.
  1359 | D:3      | Reached skill level 4 in Ranged Weapons
  1359 | D:3      | 1359 ||| FLEEEEING.
  1360 | D:3      | 1360 ||| FLEEEEING.
  1361 | D:3      | 1361 ||| FLEEEEING.
  1362 | D:3      | 1362 ||| FLEEEEING.
  1363 | D:3      | 1363 ||| FLEEEEING.
  1364 | D:3      | 1364 ||| FLEEEEING.
  1365 | D:3      | 1365 ||| FLEEEEING.
  1366 | D:3      | 1366 ||| FLEEEEING.
  1368 | D:3      | 1368 ||| STAIRDANCE
  1682 | D:3      | Found an ornate altar of the Wu Jian Council.
  1747 | D:3      | Reached XP level 5. HP: 30/30 MP: 6/6
  1851 | D:3      | Found a shadowy altar of Dithmenos.
  2034 | D:3      | 2034 ||| UPGRADING to +0 ring mail.
  2044 | D:3      | 2044 ||| DROPPING +0 leather armour.
  2045 | D:3      | 2045 ||| READING scroll labelled BAZXUTTIJIE.
  2046 | D:3      | 2046 ||| READING scroll labelled GAUCWO NESIOF.
  2047 | D:3      | 2047 ||| READING 2 scrolls of identify.
  2047 | D:3      | 2047 ||| IDENTIFYING yellow potion
  2107 | D:4      | 2107 ||| Stepping ~*~*~tactically~*~*~ (outnumbered).
  2115 | D:4      | Reached skill level 1 in Armour
  2122 | D:4      | Reached skill level 5 in Ranged Weapons
  2204 | D:4      | Noticed a phantom
  2228 | D:4      | Killed a phantom
  2229 | D:4      | Reached skill level 3 in Fighting
  2229 | D:4      | Reached XP level 6. HP: 36/37 MP: 7/7
  2300 | D:4      | HP: 1/37 [orc priest/divine providence (14)]
  2301 | D:4      | 2301 ||| DRINKING potion of heal wounds.
  2392 | D:4      | Found a glowing golden altar of the Shining One.
  2489 | D:4      | Noticed Natasha
  2493 | D:4      | Killed Natasha
  2727 | D:4      | Noticed Natasha
  2731 | D:4      | Killed Natasha
  2748 | D:4      | 2748 ||| READING scroll labelled WAEMAE YDWURIW.
  2749 | D:4      | 2749 ||| READING scroll labelled DUAQEZXA RIRPHI.
  2774 | D:5      | Entered Level 5 of the Dungeon
  2775 | D:5      | 2775 ||| PLANNING SEWER
  2805 | D:5      | Noticed an ice beast
  2813 | D:5      | Reached skill level 6 in Ranged Weapons
  2825 | D:5      | Killed an ice beast
  2826 | D:5      | Reached XP level 7. HP: 36/44 MP: 8/8
  2933 | D:5      | Reached skill level 7 in Ranged Weapons
  2957 | D:5      | Noticed Prince Ribbit
  2971 | D:5      | Killed Prince Ribbit
  2972 | D:5      | Reached skill level 8 in Ranged Weapons
  2972 | D:5      | Reached XP level 8. HP: 42/48 MP: 9/9
  3010 | D:5      | Noticed a shadow
  3035 | D:5      | Killed a shadow
  3191 | D:5      | Found a glowing drain.
  3192 | D:5      | 3192 ||| UPGRADING to +1 leather armour of poison
                  | resistance.
  3202 | D:5      | 3202 ||| DROPPING +0 ring mail.
  3203 | D:5      | 3203 ||| READING 2 scrolls of identify.
  3203 | D:5      | 3203 ||| IDENTIFYING ruby potion
  3214 | D:5      | 3214 ||| Stepping ~*~*~tactically~*~*~ (water).
  3251 | Sewer    | Entered a sewer
  3258 | Sewer    | 3258 ||| Stepping ~*~*~tactically~*~*~ (water).
  3274 | Sewer    | 3274 ||| Stepping ~*~*~tactically~*~*~ (water).
  3355 | Sewer    | 3355 ||| Stepping ~*~*~tactically~*~*~ (water).
  3367 | Sewer    | 3367 ||| Stepping ~*~*~tactically~*~*~ (water).
  3441 | Sewer    | Reached skill level 9 in Ranged Weapons
  3732 | Sewer    | 3732 ||| READING scroll labelled UWAUJUFINKUA.
  3752 | D:5      | 3752 ||| PLANNING D:1-11
  3765 | D:5      | Found a glowing silver altar of Zin.
  3996 | D:5      | 3996 ||| UPGRADING to +0 pair of gloves.
  4001 | D:5      | 4001 ||| READING scroll labelled BAZEITSIU YHOMU.
  4002 | D:5      | 4002 ||| READING 2 scrolls of identify.
  4002 | D:5      | 4002 ||| IDENTIFYING green potion
  4018 | D:6      | Reached skill level 6 in Fighting
  4156 | D:6      | Reached XP level 9. HP: 55/55 MP: 10/10
  4297 | D:6      | Found a staircase to the Ecumenical Temple.
  4298 | D:6      | 4298 ||| PLANNING TEMPLE
  4300 | D:6      | Reached skill level 10 in Ranged Weapons
  4300 | D:6      | 4300 ||| READING scroll labelled EMUACU NYTA.
  4344 | Temple   | Entered the Ecumenical Temple
  4399 | Temple   | 4399 ||| PLANNING D:1-11
  4427 | D:6      | Found a sacrificial altar of Ru.
  4558 | D:6      | Found Delejah's Weapon Shoppe.
  4564 | D:6      | 4564 ||| SHOPLISTING +4 sling (258 gold, have 198).
  4608 | D:6      | Reached skill level 3 in Dodging
  4722 | D:6      | Noticed Sigmund
  4732 | D:6      | Killed Sigmund
  5092 | D:7      | Reached skill level 11 in Ranged Weapons
  5371 | D:7      | Noticed a vault sentinel
  5371 | D:7      | Noticed a vault sentinel
  5372 | D:7      | 5372 ||| SWAPPING to +0 arbalest.
  5373 | D:7      | 5373 ||| FLEEEEING.
  5374 | D:7      | 5374 ||| FLEEEEING.
  5375 | D:7      | 5375 ||| FLEEEEING.
  5380 | D:7      | 5380 ||| FLEEEEING.
  5381 | D:7      | 5381 ||| FLEEEEING.
  5382 | D:7      | 5382 ||| FLEEEEING.
  5383 | D:7      | 5383 ||| FLEEEEING.
  5384 | D:7      | 5384 ||| FLEEEEING.
  5395 | D:7      | 5395 ||| FLEEEEING.
  5396 | D:7      | 5396 ||| FLEEEEING.
  5400 | D:7      | 5400 ||| FLEEEEING.
  5401 | D:7      | 5401 ||| FLEEEEING.
  5402 | D:7      | 5402 ||| FLEEEEING.
  5403 | D:7      | 5403 ||| FLEEEEING.
  5404 | D:7      | 5404 ||| FLEEEEING.
  5405 | D:7      | 5405 ||| FLEEEEING.
  5406 | D:7      | 5406 ||| FLEEEEING.
  5410 | D:7      | 5410 ||| FLEEEEING.
  5411 | D:7      | 5411 ||| FLEEEEING.
  5412 | D:7      | 5412 ||| FLEEEEING.
  5413 | D:7      | 5413 ||| STAIRDANCE
  5515 | D:6      | 5515 ||| DROPPING +2 sling of draining.
  5516 | D:6      | 5516 ||| READING 2 scrolls of identify.
  5516 | D:6      | 5516 ||| IDENTIFYING pink potion
  5517 | D:6      | 5517 ||| DROPPING potion of berserk rage.
  5520 | D:7      | 5520 ||| STAIRDANCE
  5530 | D:6      | Killed a vault sentinel
  5531 | D:6      | Reached XP level 10. HP: 28/64 MP: 11/11
  5652 | D:7      | 5652 ||| STAIRDANCE
  5666 | D:6      | Killed a vault sentinel
  6052 | D:7      | Found a snail-covered altar of Cheibriados.
  6058 | D:7      | 6058 ||| Stepping ~*~*~tactically~*~*~ (outnumbered).
  6060 | D:7      | 6060 ||| Stepping ~*~*~tactically~*~*~ (outnumbered).
  6062 | D:7      | 6062 ||| Stepping ~*~*~tactically~*~*~ (outnumbered).
  6063 | D:7      | 6063 ||| Stepping ~*~*~tactically~*~*~ (outnumbered).
  6249 | D:7      | Found the +18 shield of the Gong {Loud rN+ Will+ rCorr
                  | EV-5}
  6424 | D:7      | 6424 ||| UPGRADING to +5 ring of evasion.
  6425 | D:7      | 6425 ||| READING 2 scrolls labelled TYNUPNUAKO.
  6426 | D:7      | 6426 ||| READING scroll of enchant armour.
  6426 | D:7      | 6426 ||| ENCHANTING +0 pair of gloves.
  6427 | D:7      | 6427 ||| DRINKING 2 purple potions.
  6428 | D:7      | 6428 ||| READING 2 scrolls of identify.
  6428 | D:7      | 6428 ||| IDENTIFYING red potion
  6429 | D:7      | 6429 ||| DROPPING potion of attraction.
  6648 | D:8      | Found a bloodstained altar of Trog.
  6648 | D:8      | Noticed qw's ghost (novice DEHu)
  6649 | D:8      | Noticed a moth of wrath
  6668 | D:8      | Found a transporter.
  6672 | D:8      | Found a transporter.
  6724 | D:8      | Reached skill level 12 in Ranged Weapons
  6781 | D:8      | 6781 ||| READING scroll of enchant weapon.
  6781 | D:8      | 6781 ||| ENCHANTING +0 arbalest.
  6849 | D:8      | You fall into a shaft and drop 2 floors!
  6849 | D:10     | Entered Level 10 of the Dungeon
  6852 | D:10     | Noticed a two-headed ogre
  6858 | D:10     | Killed a two-headed ogre
  6891 | D:10     | 6891 ||| UPGRADING to +2 cloak.
  6912 | D:10     | Reached skill level 13 in Ranged Weapons
  7179 | D:8      | Noticed Gastronok
  7180 | D:8      | 7180 ||| Stepping ~*~*~tactically~*~*~ (outnumbered).
  7182 | D:8      | 7182 ||| Stepping ~*~*~tactically~*~*~ (outnumbered).
  7188 | D:8      | Reached skill level 9 in Fighting
  7196 | D:8      | HP: 15/66 [Gastronok/the air (24)]
  7197 | D:8      | Killed Gastronok
  7198 | D:8      | Reached XP level 11. HP: 17/71 MP: 12/12
  7202 | D:8      | HP: 15/71 [something (2)]
  7367 | D:8      | Found a blossoming altar of Fedhas.
  7404 | D:8      | Found a hazy altar of Hepliaklqana.
  7679 | D:9      | 7679 ||| READING scroll of enchant armour.
  7679 | D:9      | 7679 ||| ENCHANTING +1 pair of gloves.
  7704 | D:9      | Reached skill level 3 in Armour
  7847 | D:9      | 7847 ||| Stepping ~*~*~tactically~*~*~ (outnumbered).
  7850 | D:9      | 7850 ||| Stepping ~*~*~tactically~*~*~ (outnumbered).
  8071 | D:9      | Found a radiant altar of Vehumet.
  8268 | D:9      | 8268 ||| Stepping ~*~*~tactically~*~*~ (outnumbered).
  8304 | D:9      | Found an iron altar of Okawaru.
  8305 | D:9      | 8305 ||| PLANNING OKAWARU WORSHIP
  8305 | D:9      | 8305 ||| UPGRADING to +0 steam dragon scales.
  8315 | D:9      | 8315 ||| DROPPING +1 leather armour of poison resistance.
  8316 | D:9      | 8316 ||| READING 3 scrolls of identify.
  8316 | D:9      | 8316 ||| IDENTIFYING white potion
  8317 | D:9      | 8317 ||| READING 2 scrolls of identify.
  8317 | D:9      | 8317 ||| IDENTIFYING cyan potion
  8325 | D:9      | Became a worshipper of Warmaster Okawaru
  8326 | D:9      | 8326 ||| PLANNING D:1-11
  8385 | D:9      | 8385 ||| READING 2 scrolls of identify.
  8385 | D:9      | 8385 ||| IDENTIFYING emerald potion
  8386 | D:9      | 8386 ||| DROPPING potion of ambrosia.
  8441 | D:10     | Found a staircase to the Lair.
  8621 | D:10     | Found Apselubb's Book Shop.
  8710 | D:10     | Reached * piety under Okawaru
  8711 | D:10     | Reached skill level 14 in Ranged Weapons
  8711 | D:10     | 8711 ||| INVOKING Heroism.
  8721 | D:10     | 8721 ||| INVOKING Heroism.
  9016 | D:10     | Reached skill level 1 in Invocations
  9172 | D:10     | Found a bloodstained altar of Trog.
  9173 | D:10     | 9173 ||| INVOKING Heroism.
  9200 | D:10     | Found a shimmering blue altar of Sif Muna.
  9204 | D:10     | 9204 ||| Stepping ~*~*~tactically~*~*~ (outnumbered).
  9207 | D:10     | 9207 ||| INVOKING Heroism.
  9285 | D:10     | 9285 ||| PLANNING LAIR
  9285 | D:10     | 9285 ||| UPGRADING to +0 troll leather armour.
  9295 | D:10     | 9295 ||| DROPPING +0 steam dragon scales.
  9296 | D:10     | 9296 ||| READING 3 scrolls of identify.
  9296 | D:10     | 9296 ||| IDENTIFYING fizzy ruby potion
  9297 | D:10     | 9297 ||| READING 2 scrolls of identify.
  9297 | D:10     | 9297 ||| IDENTIFYING glowing golden potion
  9298 | D:10     | 9298 ||| DROPPING potion of degeneration.
  9307 | Lair:1   | Entered Level 1 of the Lair of Beasts
  9332 | Lair:1   | 9332 ||| READING scroll of enchant weapon.
  9332 | Lair:1   | 9332 ||| ENCHANTING +1 arbalest.
  9378 | Lair:1   | You fall into a shaft and drop 1 floor!
  9392 | Lair:2   | 9392 ||| INVOKING Heroism.
  9408 | Lair:2   | 9408 ||| INVOKING Heroism.
  9414 | Lair:2   | Reached skill level 3 in Invocations
  9422 | Lair:2   | Reached ** piety under Okawaru
  9427 | Lair:2   | 9427 ||| INVOKING Heroism.
  9466 | Lair:2   | 9466 ||| READING scroll of enchant weapon.
  9466 | Lair:2   | 9466 ||| ENCHANTING +2 arbalest.
  9486 | Lair:2   | 9486 ||| INVOKING Heroism.
  9490 | Lair:2   | Reached XP level 12. HP: 77/77 MP: 11/15
  9613 | Lair:2   | 9613 ||| DROPPING +2 hat.
  9623 | Lair:2   | Reached skill level 15 in Ranged Weapons
  9675 | Lair:1   | 9675 ||| INVOKING Heroism.
  9778 | Lair:1   | 9778 ||| INVOKING Heroism.
  9813 | Lair:1   | 9813 ||| INVOKING Heroism.
 10210 | Lair:1   | 10210 ||| READING 2 scrolls of identify.
 10210 | Lair:1   | 10210 ||| IDENTIFYING coppery potion
 10211 | Lair:1   | 10211 ||| DROPPING potion of invisibility.
 10247 | Lair:2   | Found a staircase to the Shoals.
 10258 | Lair:2   | 10258 ||| INVOKING Heroism.
 10580 | Lair:2   | 10580 ||| INVOKING Heroism.
 10759 | Lair:2   | Found a sacrificial altar of Ru.
 10763 | Lair:2   | 10763 ||| Stepping ~*~*~tactically~*~*~ (outnumbered).
 10841 | Lair:3   | Noticed a skyshark
 10852 | Lair:3   | Killed a skyshark
 10853 | Lair:3   | Reached skill level 16 in Ranged Weapons
 10871 | Lair:3   | Noticed Josephine
 10896 | Lair:3   | 10896 ||| INVOKING Heroism.
 10897 | Lair:3   | Killed Josephine
 11008 | Lair:3   | Reached *** piety under Okawaru
 11038 | Lair:3   | 11038 ||| INVOKING Heroism.
 11088 | Lair:3   | 11088 ||| INVOKING Heroism.
 11091 | Lair:3   | Noticed a four-headed hydra
 11098 | Lair:3   | Killed a four-headed hydra
 11153 | Lair:3   | Found a staircase to the Snake Pit.
 11170 | Lair:3   | 11170 ||| INVOKING Heroism.
 11179 | Lair:3   | Reached skill level 17 in Ranged Weapons
 11179 | Lair:3   | Reached XP level 13. HP: 84/84 MP: 14/16
 11203 | Lair:3   | 11203 ||| INVOKING Heroism.
 11263 | Lair:3   | Noticed Amaemon
 11264 | Lair:3   | 11264 ||| INVOKING Heroism.
 11269 | Lair:3   | 11269 ||| Stepping ~*~*~tactically~*~*~ (outnumbered).
 11273 | Lair:3   | Killed Amaemon
 11311 | Lair:3   | 11311 ||| INVOKING Heroism.
 11656 | Lair:3   | 11656 ||| READING scroll labelled ZAURHI LUCA.
 11678 | Lair:4   | 11678 ||| INVOKING Heroism.
 11693 | Lair:4   | 11693 ||| INVOKING Heroism.
 11701 | Lair:4   | Reached **** piety under Okawaru
 11705 | Lair:4   | HP: 21/84 [lindwurm (2)]
 11706 | Lair:4   | 11706 ||| READING 2 scrolls of teleportation.
 11711 | Lair:4   | 11711 ||| READING scroll of teleportation.
 11715 | Lair:4   | 11715 ||| INVOKING Heroism.
 11717 | Lair:4   | HP: 21/84 [seven-headed hydra (1)]
 11719 | Lair:4   | HP: 2/84 [seven-headed hydra (10)]
 11721 | Lair:4   | Slain by a seven-headed hydra

Levels and vault maps discovered:
D:1:      lightli_molten_gateway, layout_basic,
          ebering_ecumenical_altar_sacrificial
D:2:      layout_loops_cross, minmay_tetromino_i4
D:3:      layout_loops_ring, nzn_wu_jian_council_hall, marbit_many_paths
D:4:      layout_basic, tso_metal_star, uniq_natasha
D:5:      layout_rooms, kennysheep_little_box, cheibrodos_sewer_entry_drain,
          uniq_prince_ribbit1
D:6:      layout_loops_corners, kennysheep_mini,
          minmay_temple_entry_proselytizer, serial_shops, shop,
          nicolae_half_adder, uniq_sigmund
D:7:      nicolae_cairo_tiling_large_dashed, layout_basic, slow_altar_1,
          hellmonk_guarded_unrand_gong
D:8:      layout_basic, mainiacjoe_overflow_two_lobes,
          gammafunk_ghost_wrathful_warriors, chequers_serial_rivers_micro_b,
          hangedman_decor_peaks_small, uniq_gastronok
D:9:      layout_basic, okawaru_trees_1, kennysheep_mini_moat,
          minmay_misc_feat_diagonals, ebering_dispersal_statue_hall,
          glass_columns_b, hangedman_decor_slide_cut, mrwooster_statue_mirror
D:10:     layout_long_grid, nzn_overflow_gifts_of_might_and_magic,
          david_lair_generic, serial_shops, shop
Temple:   zaba_magenta_temple
Lair:1:   layout_misc_corridors
Lair:2:   layout_concentric_octagons, elwin_shoals_entry_rocks,
          lemuel_centaur_altar
Lair:3:   layout_loops_ring, minmay_snake_entry_guardpost_medium,
          uniq_josephine, uniq_amaemon
Lair:4:   layout_hall_layers, minmay_slime_entry_oklob_enclosed,
          grunt_megastairs_1

Skill      XL: |  1  2  3  4  5  6  7  8  9 10 11 12 13 |
---------------+----------------------------------------+-----
Ranged Weapons | 3 4 5 6 8 9 11 13 14 17 | 17.7
Fighting       | 2 3 4 6 8 9 10 11 | 11.0
Armour         | 1 2 4 5 |  5.0
Dodging        | 2 3 5 |  5.1
Invocations    | 4 |  4.4
Spellcasting   | |  1.0
Hexes          | |  2.6

Action                     |  1- 3 |  4- 6 |  7- 9 | 10-12 | 13-15 || total
---------------------------+-------+-------+-------+-------+-------++-------
   Fire: Sling             |    95 |   175 |   415 |       |       ||   685
         Arbalest          |       |       |     9 |   613 |    84 ||   706
 Invoke: Heroism           |       |       |       |    17 |     6 ||    23
    Use: Scroll            |     3 |     8 |     6 |    13 |     3 ||    33
         Potion            |     1 |     1 |       |     1 |       ||     3
 Armour: Robe              |     4 |       |       |       |       ||     4
         Leather armour    |     6 |     4 |    74 |    62 |       ||   146
         Ring mail         |       |    47 |    27 |       |       ||    74
         Steam dragon scal |       |       |       |    34 |       ||    34
         Troll leather arm |       |       |       |    74 |    78 ||   152
  Dodge: Dodged            |    19 |    52 |    90 |   430 |   170 ||   761
  Block: Other             |       |    23 |    52 |    92 |    36 ||   203
         Reflection        |       |     2 |       |     6 |       ||     8

Table legend:
 A = Non-vault XP
 B = Vault XP
 C = Vault XP percentage of total XP
 D = Non-vault monster count
 E = Vault monster count
 F = Vault count percentage of total count
                 A         B        C        D         E       F
            +---------+---------+-------+---------+---------+-------
      Total |   29396 |    9781 |  25.0 |     279 |      79 |  22.1
            +---------+---------+-------+---------+---------+-------
        D:1 |      32 |       0 |   0.0 |      18 |       0 |   0.0
        D:2 |      46 |       5 |   9.8 |      15 |       3 |  16.7
        D:3 |      90 |       5 |   5.3 |      24 |       1 |   4.0
        D:4 |     269 |      35 |  11.5 |      18 |       1 |   5.3
        D:5 |    1081 |     283 |  20.7 |      33 |       4 |  10.8
        D:6 |    1287 |    1248 |  49.2 |      19 |      11 |  36.7
        D:7 |     832 |      18 |   2.1 |      21 |       1 |   4.5
        D:8 |    1229 |    1445 |  54.0 |      16 |       1 |   5.9
        D:9 |    2278 |       0 |   0.0 |      25 |       0 |   0.0
       D:10 |    3811 |    1222 |  24.3 |      25 |       6 |  19.4
     Lair:1 |    4051 |       0 |   0.0 |      17 |       0 |   0.0
     Lair:2 |    4593 |     449 |   8.9 |      22 |       4 |  15.4
     Lair:3 |    7139 |    3978 |  35.8 |      21 |      13 |  38.2
     Lair:4 |    2658 |     827 |  23.7 |       5 |       1 |  16.7
      Sewer |       0 |     266 | 100.0 |       0 |      33 | 100.0
            +---------+---------+-------+---------+---------+-------
